[Event "*** Titled Tuesday Blitz"]
[Site "Chess.com"]
[Date "2019.01.01"]
[Round "5"]
[White "Bad4life"]
[Black "Vamostodorecto"]
[Result "0-1"]
[WhiteElo "2331"]
[BlackElo "2393"]
[TimeControl "180+2"]
[EndTime "14:11:17 PST"]
[Termination "Vamostodorecto won by checkmate"]

1. e4 e6 2. d4 d5 3. Nd2 Nf6 4. e5 Nfd7 5. c3 c5 6. Bd3 Nc6 7. Ne2 cxd4 8. cxd4 f6 9. exf6 Nxf6 10. Nf3 Bd6 11. O-O O-O 12. Bf4 Nh5 13. Bxd6 Qxd6 14. Qd2 Rxf3 15. gxf3 Bd7 16. Qg5 g6 17. Bb5 Rf8 18.
Bxc6 Bxc6 19. Ng3 Nf4 20. Kh1 Bb5 21. Rfd1 Nd3 22. Qe3 Nxb2 23. Rg1 Nd3 24. Rab1 Ba6 25. Rb3 Nf4 26. Rc3 Bc4 27. a4 a6 28. a5 Qb4 29.
Nh5 Nxh5 30. Qxe6+ Rf7 31. Re3 Nf4 32. Qc8+ Rf8 33.
Qg4 Qd6 34. h4 Qf6 35. Rge1 Nd3 36. Re6 Nxf2+ 37. Kg2 Nxg4 38. Rxf6 Nxf6 39. Re7 Rf7 40. Re5 Kg7 41. Kg3 Nh5+ 42. Kf2 Nf4 43. Ke3 h6 44.
h5 Nxh5 45. f4 Nxf4 46. Re8 g5 47. Kf3 Ne6+ 48. Kg4 Nxd4 49. Kh5 Be2+ 50. Rxe2 Nxe2 51. Kg4 Rf4+ 52. Kh5 Rh4# 0-1

[Event "*** Titled Tuesday Blitz"]
[Site "Chess.com"]
[Date "2019.01.01"]
[Round "5"]
[White "PlotnikovPavel"]
[Black "TBergh98"]
[Result "0-1"]
[WhiteElo "2371"]
[BlackElo "2275"]
[TimeControl "180+2"]
[EndTime "14:11:21 PST"]
[Termination "TBergh98 won by checkmate"]

1. d4 Nf6 2. Nf3 g6 3. c4 Bg7 4. Nc3 O-O 5. g3 d6 6. Bg2 Nc6 7. O-O a6 8. a4 a5 9. b3 Nb4 10. Bb2 c6 11. e4 Bg4 12. Re1 Nd7 13.
h3 Bxf3 14. Bxf3 e5 15. Ne2 Qc7 16. Rc1 Rad8 17. Bg2 Qb6 18. Kh2 exd4 19. Bxd4 Bxd4 20. Nxd4 Nc5 21. Re3 Ne6 22. Nc2 Na6 23. f4 Nec5 24. Qf3 Nb4 25. Nxb4 Qxb4 26. Rf1 Rfe8 27. h4 Qd2 28. Rf2 Qd4 29. Rfe2 Re7 30. h5 Rde8 31.
g4 Qf6 32. g5 Qg7 33. Kg3 Ne6 34. Bh3 Nd4 35. Qf1 Nxe2+ 36. Qxe2 Qd4 37. Bg2 d5 38.
cxd5 cxd5 39. e5 Rc7 40. hxg6 hxg6 41. Qf3 Rec8 42. Rd3 Qg1 43. Qxd5 Rc2 44. e6 Qe1+ 45. Kg4 fxe6 46. Qd7 Rxg2+ 47. Kf3 Rf2+ 48. Kg4 Rg2+ 49. Rg3 Qxg3# 0-1

[Event "*** Titled Tuesday Blitz"]
[Site "Chess.com"]
[Date "2019.01.01"]
[Round "5"]
[White "Indianlad"]
[Black "Diwi89"]
[Result "1-0"]
[WhiteElo "2842"]
[BlackElo "2776"]
[TimeControl "180+2"]
[EndTime "14:11:22 PST"]
[Termination "Indianlad won by resignation"]

1. Nf3 f5 2. d3 Nc6 3. d4 e6 4. c4 Nf6 5. g3 Bb4+ 6. Nbd2 b6 7. Bg2 Bb7 8. O-O O-O 9. Ne5 Qc8 10. Nxc6 Bxc6 11.
Bxc6 dxc6 12. Nf3 Bd6 13. Qa4 c5 14. dxc5 bxc5 15. Rd1 Qb7 16. Qc2 a5 17. Bg5 Ne4 18. Bf4 a4 19. Bxd6 cxd6 20. Rab1 Ra6 21. Rd3 Rb6 22.
Nd2 Rb8 23. Nxe4 Qxe4 24. Qxa4 d5 25. Rbd1 d4 26. R3d2 h5 27. b3 h4 28. Qd7 h3 29. f3 Qe5 30. Qe7 Rd6 31. Kf1 Rbd8 32. Qg5 Ra8 33. Qf4 Qxf4 34. gxf4 Rda6 35. a4 Rb8 36. Rd3 Kf7 37. Ra1 Kf6 38. Kf2 g5 39.
fxg5+ Kxg5 40. e3 e5 41. f4+ Kf6 42. fxe5+ Kxe5 43. exd4+ cxd4 44. Re1+ Kf6 45. Rxh3 Rab6 46. Rh6+ Kg5 47. Rxb6 Rxb6 48. Rb1 Kf4 49. Ke2 Ke4 50. Kd2 Rh6 51. Re1+ Kf4 52. Kd3 Rh3+ 53. Kxd4 Rxb3 54. Ra1 Rb2 55. a5 Rxh2 56. a6 Rh8 57. a7 Ra8 58. c5 Kg3 59. c6 f4 60. Kc5 f3 61. Kb6 f2 62. c7 Re8 63. Rf1 Re1 64. Rxf2 Rb1+ 65. Kc6 Rc1+ 66. Kd7 Rd1+ 67. Ke8 1-0

[Event "*** Titled Tuesday Blitz"]
[Site "Chess.com"]
[Date "2019.01.01"]
[Round "5"]
[White "volcanoexplorer"]
[Black "Viaje"]
[Result "1-0"]
[WhiteElo "2357"]
[BlackElo "2345"]
[TimeControl "180+2"]
[EndTime "14:11:22 PST"]
[Termination "volcanoexplorer won by resignation"]

1. e4 c5 2. Nf3 d6 3. d4 cxd4 4. Nxd4 Nf6 5. Nc3 a6 6. h3 e6 7. g4 d5 8. Nde2 Nxe4 9. Nxe4 dxe4 10. Qxd8+ Kxd8 11. Bg2 Bd7 12. Bxe4 Bc6 13. Ng3 Bd6 14. Bxc6 Nxc6 15. Ne4 Ke7 16. Be3 Rhd8 17. O-O-O Bc7 18.
Bc5+ Ke8 19. Bd6 Rac8 20. c3 Rd7 21. Rd2 Rcd8 22. Bxc7 Rxc7 23. Rhd1 Rxd2 24. Rxd2 Rd7 25. Nc5 Rc7 26. f4 Ne7 27. Ne4 Nd5 28. f5 Ke7 29. Ng3 Nf4 30. h4 Rc5 31. Rd4 Nd5 32. Kd2 Rc7 33. Ne4 Rd7 34. Nc5 Rc7 35. Nd3 Kf6 36. c4 Ne7 37. g5+ Kxf5 38. Rf4+ Kg6 39. Ne5+ Kh5 40. Rxf7 Rc5 41. Nf3 Rf5 42. Rxe7 Rxf3 43.
Rxg7 Kxh4 44. Rxh7+ Kxg5 45. Rxb7 Kf5 46. c5 Rf2+ 47.
Kc3 Ke5 48. c6 Kd6 49. Rb6 Kc7 50. Rxa6 e5 51. b4 e4 52. Kd4 Rb2 53. a3 Ra2 54.
Kxe4 Rc2 55. Kd5 Rd2+ 56. Kc5 Rf2 57. Ra7+ 1-0

[Event "*** Titled Tuesday Blitz"]
[Site "Chess.com"]
[Date "2019.01.01"]
[Round "5"]
[White "gemarin"]
[Black "ori99"]
[Result "1-0"]
[WhiteElo "2077"]
[BlackElo "2008"]
[TimeControl "180+2"]
[EndTime "14:11:23 PST"]
[Termination "gemarin won on time"]

1. d4 d5 2. c4 e6 3. Nc3 Be7 4. Nf3 Nf6 5. Bg5 h6 6. Bh4 O-O 7. e3 Nbd7 8. Rc1 b6 9. cxd5 exd5 10. Ne5 Bb7 11. Bb5 Nxe5 12. dxe5 Ne4 13. Nxe4 Bxh4 14.
Nd2 a6 15. Bc6 Bxc6 16. Rxc6 Qd7 17. Qc2 Rac8 18. Nf3 Be7 19. O-O Bc5 20. Nd4 Rfe8 21.
f4 a5 22. Rc1 Qg4 23. a3 Rcd8 24.
Qd2 Rd7 25. b4 axb4 26. axb4 Bxd4 27. Qxd4 Ree7 28. h3 Qf5 29. g4 Qe4 30. Kf2 Qxd4 31. exd4 Kf8 32. f5 Ke8 33. Kf3 Kd8 34. f6 gxf6 35.
Rxf6 Re6 36. Rc6 Rxc6 37. Rxc6 Re7 38. Rxh6 Kd7 39. Kf4 Re8 40. h4 Ra8 41. Rf6 Ke7 42.
h5 Ra1 43. h6 Rf1+ 44. Kg5 Rh1 45. Rf2 c6 46. Ra2 Rh3 47. Ra7+ Ke8 48. Rc7 c5 49. bxc5 bxc5 50. Rxc5 Rd3 51. Rxd5 1-0

[Event "*** Titled Tuesday Blitz"]
[Site "Chess.com"]
[Date "2019.01.01"]
[Round "5"]
[White "aquaticpineapples"]
[Black "nihalsarin"]
[Result "0-1"]
[WhiteElo "2102"]
[BlackElo "2951"]
[TimeControl "180+2"]
[EndTime "14:11:30 PST"]
[Termination "nihalsarin won by resignation"]

1. d4 Nf6 2. Nf3 d5 3. e3 c5 4. dxc5 e6 5. a3 Bxc5 6. b4 Be7 7. Bb2 O-O 8. c4 a5 9. b5 Nbd7 10. Be2 dxc4 11. Bxc4 Nb6 12. Be2 Qxd1+ 13. Bxd1 Nc4 14. Bd4 Bd7 15. a4 Rfd8 16. Bb3 Rac8 17. Ke2 Ne4 18. Rc1 Ncd6 19. Nbd2 Nxd2 20. Nxd2 Re8 21. Bb6 Bd8 22. Bc5 Be7 23. Bd1 e5 24. Bxd6 Bxd6 25.
Nc4 Bb4 26. Nb6 Rcd8 27. Rc7 Re7 28. Nxd7 Rexd7 29. Rxd7 Rxd7 30. Ra2 g6 31. Bb3 Kg7 32. Rc2 f5 33. f3 Kf6 34. e4 Kg5 35. Bd5 b6 36.
Rc6 Bc5 37. Kf1 Kf4 38. Ke2 Kg5 39. g3 fxe4 40. Bxe4 Rd4 41. Bc2 Rc4 42. Bd3 Rxa4 43. Rc7 Ra2+ 44. Kd1 Rxh2 45. Be4 a4 46. Ra7 a3 47.
Kc1 a2 48. Bd5 a1=Q+ 49. Rxa1 Rh1+ 50. Kb2 Bd4+ 0-1

[Event "*** Titled Tuesday Blitz"]
[Site "Chess.com"]
[Date "2019.01.01"]
[Round "5"]
[White "cherryandmint"]
[Black "Shahinyan_ChessMood"]
[Result "0-1"]
[WhiteElo "2610"]
[BlackElo "2695"]
[TimeControl "180+2"]
[EndTime "14:11:30 PST"]
[Termination "Shahinyan_ChessMood won on time"]

1. e4 e6 2. d4 d5 3. e5 c5 4. c3 Nc6 5. Nf3 Qb6 6. a3 Nh6 7. b4 cxd4 8. Bxh6 gxh6 9. cxd4 Bd7 10. Be2 Rc8 11. O-O Bg7 12. Qd2 O-O 13. Nc3 f6 14. Na4 Qd8 15. exf6 Rxf6 16. Nc5 b6 17. Nxd7 Qxd7 18.
Rac1 Qd6 19. b5 Ne7 20. Rxc8+ Nxc8 21. Ne5 Qxa3 22. Qc1 Qxc1 23. Rxc1 Nd6 24. Rc7 Rf8 25. Rxa7 Nf5 26. Nd7 Rc8 27. g3 Bxd4 28. Bd3 Rc3 29. Bxf5 exf5 30. Rb7 Rb3 31. Nxb6 Rxb5 32. Rb8+ Kf7 33.
Nd7 Rxb8 34. Nxb8 Ke6 35. Nc6 Bc3 36. Kf1 Kd7 37. Na7 Bd4 38. Nb5 Bb2 39. Na7 Kc7 40.
Ke2 Kb7 41. Nb5 Kc6 42. Na7+ Kc5 43. Kd3 Bf6 44. f3 h5 45. h3 h6 46. g4 hxg4 47.
hxg4 f4 48. Nc8 Bd8 49. Na7 Be7 50. Nc8 Bf8 0-1

[Event "*** Titled Tuesday Blitz"]
[Site "Chess.com"]
[Date "2019.01.01"]
[Round "5"]
[White "enriquetejedor"]
[Black "Quiet_Desperation"]
[Result "1/2-1/2"]
[WhiteElo "2550"]
[BlackElo "2376"]
[TimeControl "180+2"]
[EndTime "14:11:32 PST"]
[Termination "Game drawn - insufficient material"]

1. e4 Nc6 2. Nf3 d6 3. d4 Nf6 4. Nc3 d5 5. exd5 Nxd5 6. Bc4 e6 7.
O-O Bd6 8. Ne4 O-O 9. c3 Be7 10. Re1 f5 11. Neg5 Rf6 12. Bd2 Rg6 13. b4 Bxg5 14.
Nxg5 Rxg5 15. Bxg5 Qxg5 16. Qf3 Nce7 17. Re5 c6 18. b5 Bd7 19. bxc6 bxc6 20. Rb1 Rf8 21.
h4 Qd2 22. Rb7 Bc8 23. Rxa7 Ng6 24. Re2 Qd1+ 25. Kh2 Nxh4 26. Qg3 Ng6 27. Bxd5 Qxe2 28. Bf3 Qd2 29. Qc7 Qf4+ 30. Qxf4 Nxf4 31. Bxc6 Ne2 32. d5 exd5 33. Bxd5+ Kh8 34. c4 f4 35. a4 Nd4 36.
Ra8 g5 37. a5 Kg7 38. a6 Bxa6 39. Ra7+ Kg6 40. Rxa6+ Rf6 41. Be4+ Nf5 42. Ra5 h5 43. Rxf5 Rxf5 44. c5 Kf6 45. Bxf5 Kxf5 46. g3 fxg3+ 47.
fxg3 Ke5 48. Kg2 Kd5 49. Kf3 Kxc5 50. Ke4 Kd6 51. Kf5 h4 52. gxh4 gxh4 53. Kg4 Ke5 54. Kh3 Kf6 55. Kh2 Kg7 56. Kh3 Kh6 57. Kxh4 1/2-1/2

[Event "*** Titled Tuesday Blitz"]
[Site "Chess.com"]
[Date "2019.01.01"]
[Round "5"]
[White "oskariot"]
[Black "xxysoul6"]
[Result "1/2-1/2"]
[WhiteElo "2566"]
[BlackElo "2906"]
[TimeControl "180+2"]
[EndTime "14:11:33 PST"]
[Termination "Game drawn by repetition"]

1. c4 g6 2. Nc3 c5 3. g3 Bg7 4. Bg2 Nc6 5. Nf3 d6 6. O-O e6 7. a3 Nge7 8. Rb1 b6 9. b4 Bb7 10.
b5 Na5 11. Qa4 O-O 12. Bb2 d5 13. d3 d4 14. Na2 Nf5 15. Qc2 e5 16. Nc1 Nd6 17. Nb3 Nxb3 18. Qxb3 e4 19. Nd2 f5 20. Qc2 Qe7 21. Rbe1 Rae8 22. Bc1 e3 23. Nf3 exf2+ 24. Rxf2 Nf7 25. Nh4 Bxg2 26. Nxg2 Qd7 27. Ref1 Re7 28. Nf4 Rfe8 29. Nd5 Re6 30. Bf4 Ne5 31.
Qd2 Ng4 32. Rg2 Rc8 33. Bg5 Ne5 34. h3 Nf7 35. Bf4 h6 36. h4 Kh7 37. g4 fxg4 38.
Rxg4 Rce8 39. Rg2 Nd6 40. Bxd6 Rxd6 41. Qe1 Rde6 42. Qg3 Kh8 43. Qg4 Be5 44. Nf6 Bxf6 45. Rxf6 Qe7 46. Rxg6 Qf7 47. Rxe6 Rxe6 48. Rf2 Qg7 49.
Qxg7+ Kxg7 50. Rg2+ Kf7 51. Kf2 Re3 52. Rg3 Re5 53. e3 dxe3+ 54. Rxe3 Rh5 55. Re4 Kf6 56. Kg3 Rf5 57. Rf4 h5 58. Kf3 Ke5 59. Rxf5+ Kxf5 60. a4 Ke5 61. Ke3 Kf5 62. Kf3 Ke5 63. Ke3 Kf5 64. Kf3 Ke5 65. Ke3 Kf5 1/2-1/2

[Event "*** Titled Tuesday Blitz"]
[Site "Chess.com"]
[Date "2019.01.01"]
[Round "5"]
[White "VNeimer"]
[Black "Lennis93"]
[Result "1-0"]
[WhiteElo "2391"]
[BlackElo "2139"]
[TimeControl "180+2"]
[EndTime "14:11:33 PST"]
[Termination "VNeimer won by checkmate"]

1. Nf3 d5 2. c4 c6 3. e3 Nf6 4. Nc3 g6 5. d4 Bg7 6. Bd3 O-O 7. O-O Bf5 8. Bxf5 gxf5 9. Qc2 e6 10. b3 Nbd7 11.
a4 Ne4 12. Ba3 Re8 13. Rac1 Kh8 14. Ne2 Rg8 15. Ng3 Bf8 16. Bxf8 Nxf8 17. cxd5 Qxd5 18.
Ne5 f6 19. Nd3 Ng6 20. f3 Nxg3 21. hxg3 Rg7 22. Qc4 Ne7 23. Kf2 Rag8 24. Nf4 Qxc4 25. bxc4 Rxg3 26. Rg1 e5 27. Ne6 R3g6 28. Rb1 b6 29. a5 Nc8 30. axb6 Nxb6 31. c5 Nd5 32. Rb7 f4 33. exf4 exf4 34. Rh1 h6 35. Rxa7 f5 36. Nc7 Rxg2+ 37. Ke1 Rb8 38. Rxh6+ Kg8 39.
Ra8 Rxa8 40. Nxa8 Ne3 41. Rxc6 Nc2+ 42. Kf1 Rd2 43. Rd6 Nxd4 44. c6 Rd1+ 45. Kg2 Rd2+ 46. Kh3 Rd3 47. c7 Rxf3+ 48. Kh2 Rf2+ 49. Kg1 Rd2 50. c8=Q+ Kg7 51. Qc7+ Kf8 52. Rd8# 1-0

[Event "*** Titled Tuesday Blitz"]
[Site "Chess.com"]
[Date "2019.01.01"]
[Round "5"]
[White "TrimitziosP7"]
[Black "VladDobrov"]
[Result "1-0"]
[WhiteElo "2629"]
[BlackElo "2826"]
[TimeControl "180+2"]
[EndTime "14:11:36 PST"]
[Termination "TrimitziosP7 won by resignation"]

1. Nf3 d5 2. c4 d4 3. g3 Nc6 4. Bg2 e5 5. d3 Bb4+ 6. Bd2 Be7 7. b4 e4 8. dxe4 Bxb4 9. O-O Bc5 10. Bf4 Nge7 11.
Nbd2 Ng6 12. Nb3 Nxf4 13. gxf4 Bb4 14. Nfxd4 Nxd4 15. Qxd4 Qxd4 16. Nxd4 O-O 17. e3 Rd8 18. Rab1 Bc5 19. Nb3 Ba3 20. Bf3 a5 21. Rfd1 Re8 22.
Kg2 Ra6 23. e5 Rg6+ 24. Kh1 b6 25. Rg1 Rxg1+ 26. Rxg1 Rd8 27. Rd1 Rxd1+ 28. Bxd1 Bf5 29. Nd4 Bb1 30. Bb3 Kf8 31. Nb5 Bb4 32. Nxc7 a4 33. Bxa4 Bxa2 34. Bb5 Bb1 35. Nd5 Be4+ 36. Kg1 Bc5 37.
Kf1 Bf3 38. Ba4 h5 39. Nc3 h4 40. Bd1 Bc6 41. Ke2 h3 42. Kd3 Bg2 43. Ne4 Bb4 44.
Nd2 Ke7 45. Bg4 f6 46. exf6+ Kxf6 47. Ne4+ Bxe4+ 48. Kxe4 Be1 49. Kf3 Bb4 50. Bxh3 Bc5 51. e4 Ke7 52. e5 Bd4 53. Bf5 Bc5 54. Kg4 Bxf2 55. Be4 Be3 56. h4 Bd2 57. Bd5 Bc1 58.
h5 Bd2 59. h6 gxh6 60. f5 Bc3 61. f6+ Kd7 62. Kf5 h5 63. e6+ Kd6 64. e7 1-0

[Event "*** Titled Tuesday Blitz"]
[Site "Chess.com"]
[Date "2019.01.01"]
[Round "5"]
[White "jmduque"]
[Black "akhairat"]
[Result "1/2-1/2"]
[WhiteElo "2216"]
[BlackElo "2254"]
[TimeControl "180+2"]
[EndTime "14:11:36 PST"]
[Termination "Game drawn by repetition"]

1. e4 c5 2. Nf3 a6 3. c3 Nf6 4. e5 Nd5 5. d4 cxd4 6. Qxd4 e6 7.
Bc4 Nc6 8. Qg4 Nb6 9. Bb3 Qc7 10. Bf4 Na5 11. O-O Nxb3 12. axb3 Nd5 13. Nbd2 Nxf4 14.
Qxf4 Be7 15. Ne4 Qd8 16. Qg4 O-O 17. h4 f5 18. exf6 Bxf6 19. Rfe1 d5 20. Nxf6+ Qxf6 21. Re5 Bd7 22. Rae1 Rae8 23. Qg3 Qf4 24. Rg5 Qxg3 25.
Rxg3 Re7 26. Ne5 Be8 27. Rd3 Rc7 28. g3 h6 29. f4 a5 30. Ra1 b6 31. Rd4 g5 32. b4 gxf4 33. gxf4 Ra7 34. bxa5 Rxa5 35. Rxa5 bxa5 36. Kf2 Kg7 37. Ke3 Kf6 38. b4 a4 39. Rd1 Bb5 40. Nf3 Rc8 41. Kd2 Rc4 42. Nd4 Bd7 43. Rg1 Rc8 44. Rg3 Ra8 45. Kc1 a3 46.
Kb1 Be8 47. Ka1 Bf7 48. Ka2 Be8 49. Nc2 Kf5 50. Nxa3 Kxf4 51. Rg8 Bc6 52. Rxa8 Bxa8 53. b5 e5 54. b6 e4 55. Nc2 e3 56. Ka3 e2 57.
Kb4 Kg3 58. h5 Kf2 59. Kc5 e1=Q 60. Nxe1 Kxe1 61. Kd6 Kd2 62. Kc7 Kxc3 63. Kb8 Bc6 64. Kc7 Ba8 65. Kb8 Bc6 66. Kc7 Ba8 67. Kb8 Bc6 68.
Kc7 Ba8 69. Kb8 Bc6 70. Kc7 Ba8 1/2-1/2

[Event "*** Titled Tuesday Blitz"]
[Site "Chess.com"]
[Date "2019.01.01"]
[Round "5"]
[White "Msb2"]
[Black "johnathan113"]
[Result "1-0"]
[WhiteElo "2806"]
[BlackElo "2570"]
[TimeControl "180+2"]
[EndTime "14:11:37 PST"]
[Termination "Msb2 won on time"]

1. d4 Nf6 2. Nf3 g6 3. g3 c5 4.
Bg2 cxd4 5. O-O Bg7 6. Nxd4 O-O 7.
c4 Nc6 8. Nc3 Qa5 9. Nc2 d6 10.
Bd2 Qh5 11. e4 Ng4 12. h3 Nge5 13. Qxh5 gxh5 14. Ne3 Bxh3 15. Rfd1 Bg4 16. Nxg4 hxg4 17. b3 Nd4 18. Kf1 Nef3 19. Bxf3 Nxf3 20. Ke2 Rfd8 21.
Rab1 a6 22. Nd5 e6 23. Ne3 Nxd2 24. Rxd2 b5 25. Rbd1 bxc4 26. Nxc4 d5 27. exd5 exd5 28. Rxd5 Re8+ 29. Kf1 Bf6 30. Ne3 Re4 31. Rf5 Bd4 32.
Rg5+ Kf8 33. Rxg4 Rxg4 34. Nxg4 Bc5 35. Nf6 Kg7 36. Nh5+ Kh6 37. Rd5 Rc8 38. Nf4 a5 39. Nd3 Bb6 40. Rd6+ Kg5 41. Rxb6 Kg4 42. Kg2 Rc2 43.
a4 h5 44. Rb5 f6 45. Rxa5 h4 46. gxh4 f5 47. Ra8 f4 48. Rg8+ Kxh4 49. Kf3 Rc3 50.
Kxf4 Kh3 51. Rg3+ Kh4 52. Ne5 Rc2 53. Rf3 Rc8 54. a5 Rb8 55. a6 Ra8 56. a7 Rxa7 57. Kf5 Rb7 58. Ng6+ 1-0

[Event "*** Titled Tuesday Blitz"]
[Site "Chess.com"]
[Date "2019.01.01"]
[Round "5"]
[White "JMatias"]
[Black "Lion_DL"]
[Result "1-0"]
[WhiteElo "2344"]
[BlackElo "2376"]
[TimeControl "180+2"]
[EndTime "14:11:38 PST"]
[Termination "JMatias won by resignation"]

1. e3 Nf6 2. c4 g6 3. Nf3 Bg7 4. d4 O-O 5. Be2 d6 6. Nc3 Nbd7 7. O-O e5 8. Qc2 Re8 9. b4 c6 10. Bb2 Qc7 11. Rfd1 Nf8 12. d5 Bf5 13. e4 Bg4 14. h3 Bxf3 15. Bxf3 Rac8 16. Qa4 a6 17. dxc6 Qxc6 18.
Qxc6 Rxc6 19. Be2 Ne6 20. f3 Nd4 21. Bd3 Rec8 22. Nd5 Nxd5 23. cxd5 R6c7 24. Rac1 Bh6 25. Rxc7 Rxc7 26. Kf2 Kf8 27. g3 Ke7 28. f4 f6 29.
Rc1 Rxc1 30. Bxc1 exf4 31. gxf4 f5 32. Ke3 fxe4 33. Kxe4 Nf5 34. Bd2 Kd7 35. a4 Ne7 36.
b5 axb5 37. Bxb5+ Kc7 38. Ba5+ b6 39. Bc3 Nf5 40. Be1 Ne7 41. h4 Nf5 42. h5 Ne7 43. Be2 gxh5 44. Bxh5 Ng6 45. Bg3 Ne7 46. Bf7 Bg7 47.
f5 Bf6 48. Bf4 Kb7 49. Bxd6 Ka6 50. Be8 Ka5 51. Bb5 h5 52. Bh2 Kb4 53. d6 Ng8 54. Kd5 h4 55. d7 h3 56. Bd6+ Kc3 57.
Bf1 Kb3 58. Bxh3 Kxa4 59. Bc7 b5 60. d8=Q Bxd8 61. Bxd8 b4 62. Kc4 b3 63. f6 Nxf6 64.
Bxf6 Ka3 65. Bf5 Ka2 66. Kc3 b2 67. Be6+ Ka1 68. Kb3 Kb1 69. Bf5+ Kc1 70. Bxb2+ 1-0

[Event "*** Titled Tuesday Blitz"]
[Site "Chess.com"]
[Date "2019.01.01"]
[Round "5"]
[White "Kostya_Nikologorskiy"]
[Black "Triumphmate"]
[Result "1-0"]
[WhiteElo "2374"]
[BlackElo "2200"]
[TimeControl "180+2"]
[EndTime "14:11:41 PST"]
[Termination "Kostya_Nikologorskiy won by resignation"]

1. d4 Nf6 2. c4 e6 3. Nf3 d5 4. e3 Be7 5. Nc3 O-O 6. Qc2 c6 7.
g4 dxc4 8. g5 Nd5 9. Bxc4 b5 10.
Bd3 g6 11. h4 Nb4 12. Qe2 Nxd3+ 13. Qxd3 Nd7 14. h5 Bb7 15. hxg6 fxg6 16. Nh4 Qe8 17. f4 c5 18. Rh2 cxd4 19. exd4 Nb6 20. Be3 Nc4 21.
O-O-O Rc8 22. Kb1 b4 23. Ne4 Nxe3 24. Qxe3 Qc6 25. Re1 Rc7 26. Nf3 Rfc8 27. b3 a5 28.
Ne5 Qxe4+ 29. Qxe4 Bxe4+ 30. Rxe4 a4 31. bxa4 Rc3 32. Nd7 R8c6 33. Rhe2 Rf3 34. Rxe6 Rxe6 35. Rxe6 Kf7 36. Re4 Rf1+ 37. Kc2 Bd6 38. Ne5+ Ke6 39. Nc4+ Kd5 40. Nxd6 Kxd6 41. Kb3 Rf2 42. Kxb4 Rxa2 43. Re8 Rf2 44. Rf8 Ke7 45. Rf6 Rd2 46. Kc5 Ra2 47.
Ra6 Rf2 48. Ra7+ Ke6 49. d5+ Kf5 50. Rf7+ Ke4 51. d6 Rc2+ 52. Kb6 Rb2+ 53. Kc7 Rc2+ 54. Kb8 Rb2+ 55. Kc8 Rc2+ 56. Rc7 Rd2 57. d7 Kxf4 58. d8=Q Rxd8+ 59. Kxd8 Kxg5 60. Rxh7 1-0

[Event "*** Titled Tuesday Blitz"]
[Site "Chess.com"]
[Date "2019.01.01"]
[Round "5"]
[White "iLuusions"]
[Black "Chessialist"]
[Result "0-1"]
[WhiteElo "2566"]
[BlackElo "2536"]
[TimeControl "180+2"]
[EndTime "14:11:41 PST"]
[Termination "Chessialist won by resignation"]

1. d4 Nf6 2. c4 c6 3. Nf3 d5 4.
Qb3 dxc4 5. Qxc4 Bf5 6. g3 Nbd7 7.
Bg2 e6 8. O-O Be7 9. Qb3 Qb6 10.
Nbd2 O-O 11. Nc4 Qxb3 12. axb3 Be4 13. Bd2 c5 14. Bc3 Rfc8 15. Nfe5 Bxg2 16. Kxg2 Nxe5 17.
dxe5 Nd5 18. e4 Nb6 19. Na5 Rc7 20. Rfd1 Kf8 21. f4 Ke8 22. f5 Nd7 23. Nc4 Kf8 24. h4 b5 25. Ba5 Rb7 26. Nd6 Bxd6 27. exd6 exf5 28. exf5 Re8 29. Kf2 f6 30. Rd5 Re5 31. Rad1 Ke8 32. Bc7 c4 33. Kf3 Rxd5 34. Rxd5 Ne5+ 35.
Ke4 Kd7 36. Kd4 cxb3 37. Kc3 a5 38. Kxb3 a4+ 39. Kb4 Nc6+ 40. Kc5 b4 41. Rd3 a3 42. bxa3 b3 43. Rd1 Ne5 44. Kd4 b2 45. Rb1 Rb3 46.
Ba5 Rxa3 47. Bc3 Ra4+ 48. Ke3 Ra3 49. Kd2 Nc4+ 50. Kc2 Ra6 51. Bxb2 Rxd6 52. Bc3 Na3+ 53. Kb2 Nxb1 54. Kxb1 Rd3 0-1

[Event "*** Titled Tuesday Blitz"]
[Site "Chess.com"]
[Date "2019.01.01"]
[Round "5"]
[White "c63_amg"]
[Black "Zq1"]
[Result "1-0"]
[WhiteElo "2685"]
[BlackElo "2460"]
[TimeControl "180+2"]
[EndTime "14:11:45 PST"]
[Termination "c63_amg won by resignation"]

1. e4 c5 2. Nf3 d6 3. d4 cxd4 4. Qxd4 a6 5. c4 e6 6. Bg5 Nf6 7. Nc3 Be7 8. Be2 b6 9. O-O Bb7 10.
Rfd1 Nbd7 11. Rac1 Qc7 12. b4 Rc8 13. Bh4 Ne5 14. Na4 Ned7 15. Nd2 h6 16. f3 O-O 17. Bf2 Rb8 18. Bf1 Ba8 19. Nb3 Rfc8 20. Kh1 Qd8 21. c5 dxc5 22. bxc5 bxc5 23. Naxc5 Nxc5 24. Qxd8+ Rxd8 25. Rxd8+ Rxd8 26. Bxc5 Bxc5 27. Nxc5 a5 28. Rc2 Rd1 29. Kg1 Bc6 30. Kf2 Be8 31. Be2 Ra1 32. Nb7 a4 33. Nd6 Bd7 34. Ke3 Kf8 35. Bc4 Ke7 36. e5 Ne8 37.
Nb7 Nc7 38. Nc5 Bb5 39. Bxb5 Nxb5 40. Nxa4 Na3 41. Rc7+ Ke8 42. Nc3 Re1+ 43. Kd3 Rg1 44. Ra7 Nb1 45. Ra8+ Ke7 46. Ra7+ Ke8 47. Nxb1 Rxb1 48.
a4 Rb2 49. a5 Rxg2 50. a6 Ra2 51. Kc4 g5 52. h3 Kf8 53. Kb5 Kg7 54. Rc7 Kg6 55.
a7 h5 56. Kb6 Rb2+ 57. Kc6 Rc2+ 58. Kb7 Rb2+ 59. Kc8 Ra2 60. Kb8 Kf5 61. Rxf7+ Kxe5 62. a8=Q Rxa8+ 63. Kxa8 1-0

[Event "*** Titled Tuesday Blitz"]
[Site "Chess.com"]
[Date "2019.01.01"]
[Round "5"]
[White "FightingChess"]
[Black "tarantul1"]
[Result "0-1"]
[WhiteElo "2241"]
[BlackElo "2397"]
[TimeControl "180+2"]
[EndTime "14:11:51 PST"]
[Termination "tarantul1 won by resignation"]

1. e4 c5 2. c3 d5 3. exd5 Qxd5 4. d4 Nf6 5. Nf3 e6 6. Na3 Nc6 7. Nc4 cxd4 8. cxd4 Bb4+ 9. Bd2 O-O 10. Be2 Rd8 11.
Bxb4 Nxb4 12. Nce5 Nc6 13. O-O Nxd4 14. Qxd4 Qxd4 15.
Nxd4 Rxd4 16. Bf3 Kf8 17. Rac1 Nd7 18. Nxd7+ Rxd7 19. Rc2 Ke7 20. Rfc1 Kd8 21. b4 Rb8 22. b5 b6 23. Bc6 Rd6 24. h4 Bd7 25. Rc3 Bxc6 26.
bxc6 Kc7 27. Rf3 f5 28. Rg3 g6 29. h5 e5 30. hxg6 hxg6 31. Rh3 Rxc6 32. Rh7+ Kd6 33. Rd1+ Ke6 34. Rxa7 Rd6 35. Rxd6+ Kxd6 36. Rg7 Ra8 37. Rxg6+ Kc5 38. Rg5 Rxa2 39. Rxf5 Kd4 40. g4 b5 41. g5 b4 42. Rf8 b3 43. Rb8 b2 44. Kg2 Kc3 45. g6 Ra6 46. Rc8+ Kb3 47. Rb8+ Ka2 48. Kf3 Rxg6 49. Ra8+ Kb3 50. Rb8+ Kc3 51.
Rc8+ Kb3 52. Rb8+ Kc2 53. Rc8+ Kd2 54. Rd8+ Kc1 55. Rc8+ Kb1 56. Ke4 Rf6 57. f3 Rf4+ 58.
Ke3 Ra4 59. Rh8 Ka1 60. Rh1+ 0-1

[Event "*** Titled Tuesday Blitz"]
[Site "Chess.com"]
[Date "2019.01.01"]
[Round "5"]
[White "rikyshi"]
[Black "harperchesstt"]
[Result "1-0"]
[WhiteElo "2200"]
[BlackElo "2121"]
[TimeControl "180+2"]
[EndTime "14:11:58 PST"]
[Termination "rikyshi won by resignation"]

1. d4 Nf6 2. Nc3 g6 3. e4 c5 4.
Be3 cxd4 5. Bxd4 Nc6 6. Be3 d6 7. f3 Bg7 8. Qd2 O-O 9. O-O-O Be6 10. g4 Qa5 11. Kb1 Rfc8 12. Nge2 Ne5 13. Nd4 Rxc3 14. Nxe6 fxe6 15. Qxc3 Qxc3 16. bxc3 Nxf3 17. Bc4 Nxe4 18. Bxe6+ Kh8 19. Rd3 Nxc3+ 20. Kc1 Ne2+ 21. Kd1 Nc3+ 22. Kc1 Nb5 23. Rf1 Ne5 24. Rb3 Nc7 25. Bf7 b6 26.
Bd4 Na6 27. Bd5 Rc8 28. Bxe5 Bxe5 29. Bb7 Rc5 30. Bxa6 Ra5 31. Bd3 Rxa2 32. Kd2 Ra5 33. h4 Kg7 34. h5 gxh5 35. gxh5 Kh6 36. Rf7 Bf6 37. Rxh7+ Kg5 38. h6 Kh5 39. Rf7 Bg5+ 40. Ke2 Kxh6 41. Rb5 Rxb5 42. Bxb5 Bf6 43. Rf8 Kg5 44.
Ra8 a5 45. Ra6 Bd4 46. Kd3 Bc5 47. Ke4 e6 48. c4 Kf6 49. Ra7 Bb4 50. Ra8 Bc5 51. Re8 Kf7 52. Bd7 Bb4 53. Rxe6 a4 54. Rh6 a3 55. Rh2 Bc3 56. Ra2 Bb2 57. Kd5 Ke7 58. Bb5 Bc1 59. Kc6 Ke6 60. Re2+ Kf6 61. Ba4 Bb2 62. Bb3 1-0

[Event "*** Titled Tuesday Blitz"]
[Site "Chess.com"]
[Date "2019.01.01"]
[Round "5"]
[White "joppie2"]
[Black "vpsetter"]
[Result "1-0"]
[WhiteElo "2747"]
[BlackElo "2574"]
[TimeControl "180+2"]
[EndTime "14:12:01 PST"]
[Termination "joppie2 won by resignation"]

1. e4 e5 2. Nf3 Nc6 3. Bc4 Bc5 4.
c3 Nf6 5. d3 a6 6. O-O d6 7. a4 Ba7 8. Nbd2 O-O 9. h3 h6 10. Re1 Ne7 11. d4 exd4 12. cxd4 d5 13. exd5 Nexd5 14. Qb3 c6 15. Nf1 b5 16. axb5 axb5 17. Bd3 Be6 18. Qd1 Qc7 19. Ng3 Bb6 20. Bd2 Rxa1 21. Qxa1 Nf4 22. Bf1 Bd5 23. Bb4 Rc8 24.
Nf5 Nxh3+ 25. gxh3 Bxf3 26. Bd6 Qd7 27. Ne7+ Kh8 28.
Nxc8 Qxc8 29. Qa3 Qf5 30. Qe3 Nd5 31. Qe5 Qg6+ 32. Qg3 Qxg3+ 33. Bxg3 Bxd4 34. Bd3 g5 35. Be5+ Bxe5 36. Rxe5 Kg7 37. Be4 Bxe4 38. Rxe4 Kf6 39. Re8 Nf4 40. Rc8 Nxh3+ 41. Kf1 Nf4 42. Rxc6+ Kg7 43.
Rb6 h5 44. Rxb5 Kg6 45. Rb8 h4 46. f3 f5 47. b4 g4 48. Rg8+ Kh5 49. b5 g3 50. b6 h3 51. Rh8+ Kg5 52. Rxh3 g2+ 53. Kf2 Nxh3+ 54. Kxg2 Nf4+ 55. Kh2 1-0